 Dungeon Crawl Stone Soup version 0.30.0-11-gf55b779eaf (webtiles) character file.

Game seed: 17466772613990587597

772 Esekla the Sneak (level 7, 0/46 HPs)
             Began as an Octopode Necromancer on May 17, 2023.
             Was an Initiate of Gozag.
             Slain by a hornet zombie (12 damage)
             ... in an ossuary.
             The game lasted 00:28:59 (4920 turns).

Esekla the Sneak (Octopode Necromancer)             Turns: 4920, Time: 00:29:00

Health: 0/46       AC:  1    Str:  7    XL:     7   Next: 83%
Magic:  12/12      EV: 13    Int: 20    God:    Gozag
Gold:   401        SH:  5    Dex: 12    Spells: 9/12 levels left

rFire   . . .        a - +3 falchion (holy)
rCold   + . .        (no shield)
rNeg    . . .        (helmet restricted)
rPois   .            f - amulet of reflection
rElec   .            b - ring of protection from cold
rCorr   .            (no ring)
SInv    .            (no ring)
Will    .....        (no ring)
Stlth   +++++        (no ring)
HPRegen 0.27/turn    (no ring)
MPRegen 0.13/turn    (no ring)
                     (no ring)

%: reflection
@: gold aura
A: almost no armour, amphibious, 8 rings, camouflage 1, gelatinous body 1,
nimble swimmer 1, tentacles
a: Renounce Religion, Potion Petition, Call Merchant, Bribe Branch


You were in an ossuary.
You worshipped Gozag.
Gozag was aware of your devotion.
You visited 2 branches of the dungeon, and saw 6 of its levels.
You also visited: Ossuary.

You collected 504 gold pieces.
You paid 103 gold pieces to Gozag.

Inventory:

Hand Weapons
 a - a +3 falchion of holy wrath (weapon)
 e - a +1 dagger of electrocution
 p - the +10 morningstar "Eos" {elec, Halo rElec}
   (You found it on level 3 of the Dungeon)

   Halo:      It grants its wielder a halo, revealing invisible creatures and
   increasing accuracy against all within it other than the wielder.
   rElec:     It insulates you from electricity.
 r - a +0 spear
 s - a +1 dagger of protection
Missiles
 n - 2 javelins (quivered)
 w - 8 poisoned darts
Jewellery
 b - a ring of protection from cold (left tentacle)
 f - an amulet of reflection (around mantle)
Wands
 t - a wand of mindburst (11)
 v - a wand of digging (3)
Scrolls
 g - 3 scrolls of teleportation
 j - 2 scrolls of vulnerability
 k - a scroll of poison
 l - 4 scrolls of immolation
 m - 3 scrolls of brand weapon
 u - a scroll of noise {unknown}
 x - 2 scrolls of amnesia
 y - a scroll of acquirement {unknown}
Potions
 c - a potion of attraction
 i - a potion of haste
 o - a potion of magic


   Skills:
 * Level 3.0 Fighting
 + Level 1.8(2.3) Short Blades
 + Level 2.0(2.3) Long Blades
 + Level 0.4 Polearms
 + Level 1.0 Throwing
 * Level 3.2 Dodging
 + Level 5.8 Stealth
 + Level 1.5 Shields
 * Level 3.4 Spellcasting
 * Level 5.3 Necromancy


You had 9 spell levels left.
You knew the following spells:

 Your Spells              Type           Power      Damage    Failure   Level
d - Vampiric Draining     Necr           24%        2d7       4%          3

Your spell library contained the following spells:

 Spells                   Type           Power      Damage    Failure   Level
 Necrotise                Necr           96%        1d8       1%          1
 Agony                    Necr           24%        N/A       38%         5
 Animate Dead             Necr           Unusable   N/A       N/A         4

Dungeon Overview and Level Annotations

Branches:
Dungeon (5/15)             Temple (1/1) D:4         Ossuary (1/1)

Altars:
Ashenzari
Dithmenos
Fedhas
Gozag
Hepliaklqana
Makhleb
Nemelex Xobeh
Qazlal
Ru
Trog
Wu Jian
Yredelemnul
Zin

Shops:
D:1 [

Annotations:
D:4 2 transporters, grumposus's ghost, amateur DsGl


Innate Abilities, Weirdness & Mutations

You cannot wear most types of armour.
You are amphibious.
You can wear up to eight rings at the same time.
Your skin changes colour to match your surroundings (Stealth+).
Your rubbery body absorbs attacks. (AC +1, EV +1)
You are camouflaged when in or above water. (Stealth+)
You have tentacles for arms and can constrict up to eight enemies at once.


Message History

Aim: a wyvern zombie (water, moderately damaged, 77% to hit)
You throw a javelin.
The javelin pierces through the wyvern zombie but does no damage.
The wyvern zombie is moderately damaged.
You hear a splash.
The wyvern zombie barely misses you.
You hit the wyvern zombie but do no damage.
The wyvern zombie is moderately damaged.
The wyvern zombie closely misses you.
You hit the wyvern zombie.
The wyvern zombie convulses.
The wyvern zombie is heavily damaged.
The wyvern zombie barely misses you. You block the wyvern zombie's attack.
You hit the wyvern zombie but do no damage.
Your squeeze misses the wyvern zombie.
The wyvern zombie is heavily damaged.
The wyvern zombie closely misses you. The wyvern zombie bites you!
You slash the wyvern zombie!
The wyvern zombie convulses!
You destroy the wyvern zombie!
The hornet zombie misses you.
Your Long Blades skill increases to level 2!
Your Throwing skill increases to level 1!
You hit the hornet zombie but do no damage.
You grab the hornet zombie. You constrict the hornet zombie.
You block the hornet zombie's attack.
You hit the hornet zombie.
The hornet zombie convulses.
The hornet zombie is lightly damaged.
You constrict the hornet zombie. The hornet zombie hits you.
The hornet zombie hits you!
You hit the hornet zombie.
The hornet zombie convulses!
You squeeze the hornet zombie, but do no damage.
The hornet zombie is heavily damaged.
You constrict the hornet zombie. The hornet zombie hits you!
* * * LOW HITPOINT WARNING * * *
The hornet zombie hits you but does no damage.
You hit the hornet zombie.
The hornet zombie convulses.
You squeeze the hornet zombie, but do no damage.
The hornet zombie is heavily damaged.
You constrict the hornet zombie. The hornet zombie hits you!
You die...
Your body crumbles into a pile of gold.

#.#.#
###'#'#+#'#'#'
###...Z.........
####≈~#~.##'##'##'#
#≈≈#≈#.~~#...#
##≈##~#~~#.∩.#
#≈#≈##..~#..∩#
#≈#≈#≈~~~#####
#≈@##≈...~.Z~~..
#≈#Z(~#~.#####'#
##≈≈##...#
###≈#~##.#
#≈≈##~.~~#
#≈#≈###~~# #≈#≈#
.~~. #≈#≈# '#~#
##### .# ~.


You could see a hornet zombie.

Vanquished Creatures
  2 scorpions
  A wyvern zombie (Ossuary)
  2 bullfrog zombies (Ossuary)
  A centaur zombie (Ossuary)
  3 orc priests
  An orc wizard (D:4)
  2 killer bee zombies (Ossuary)
  9 mummies (Ossuary)
  A howler monkey zombie (Ossuary)
  8 adders
  A white imp (D:4)
  A worm (D:3)
  7 dart slugs
  11 orcs
  5 ball pythons
  4 bats
  5 endoplasms
  3 giant cockroaches
  9 hobgoblins
  2 jackals (D:1)
  7 kobolds
  3 quokkas
  3 frilled lizards (D:3)
  6 goblins
  3 rats (D:1)
100 creatures vanquished.

Notes
Turn   | Place    | Note
-------+----------+-------------------------------------------
     0 | D:1      | Esekla the Octopode Necromancer began the quest for the
                  | Orb.
     0 | D:1      | Reached XP level 1. HP: 11/11 MP: 3/3
   300 | D:1      | Found a transporter.
   300 | D:1      | Found Ciseeq's Armour Shop.
   444 | D:1      | Reached XP level 2. HP: 16/18 MP: 5/5
   554 | D:1      | You fall into a shaft and drop 1 floor!
  1072 | D:1      | Reached skill level 1 in Fighting
  1072 | D:1      | Reached XP level 3. HP: 18/23 MP: 6/6
  1076 | D:1      | Learned a level 3 spell: Vampiric Draining
  1094 | D:1      | Found a transporter.
  1572 | D:2      | Found a stormy altar of Qazlal.
  1936 | D:3      | Reached XP level 4. HP: 24/28 MP: 7/7
  2104 | D:3      | Reached XP level 5. HP: 33/33 MP: 7/9
  2196 | D:3      | Found the +10 morningstar "Eos" {elec, Halo rElec}
  2883 | D:3      | Reached skill level 1 in Short Blades
  3186 | D:4      | Found a transporter.
  3186 | D:4      | Noticed grumposus's ghost (amateur DsGl)
  3385 | D:4      | Found a staircase to the Ecumenical Temple.
  3409 | Temple   | Entered the Ecumenical Temple
  3479 | Temple   | Became a worshipper of Gozag Ym Sagoz the Greedy
  3622 | D:4      | Found a transporter.
  3797 | D:4      | Reached XP level 6. HP: 39/39 MP: 10/10
  3927 | D:4      | Found a bloodstained altar of Trog.
  3927 | D:4      | Found a shadowy altar of Dithmenos.
  3982 | D:4      | Reached skill level 5 in Stealth
  4015 | D:4      | Found a sparkling altar of Nemelex Xobeh.
  4216 | D:5      | Entered Level 5 of the Dungeon
  4267 | D:5      | Reached skill level 5 in Necromancy
  4310 | D:5      | Noticed a two-headed ogre
  4322 | D:5      | Found a sand-covered staircase.
  4334 | Ossuary  | Entered an ossuary
  4355 | Ossuary  | Reached skill level 1 in Shields
  4355 | Ossuary  | Reached XP level 7. HP: 44/45 MP: 11/11
  4403 | Ossuary  | HP: 1/45 [bullfrog zombie (6)]
  4494 | Ossuary  | Reached skill level 1 in Long Blades
  4917 | Ossuary  | Reached skill level 1 in Throwing
  4920 | Ossuary  | Slain by a hornet zombie

Illustrated notes

Levels and vault maps discovered:
D:1:      dpeg_arrival_round_b, layout_loops_ring, serial_shops,
          nicolae_shop_drivethru, minmay_misc_feat_tower
D:2:      layout_basic, basic_altar
D:3:      layout_basic, kennysheep_crisscross, kennysheep_decorative_pillar,
          hex_intersection
D:4:      layout_rooms, general_overflow_altar,
          gammafunk_temple_overflow_elements, minmay_temple_entry_tees,
          gammafunk_ghost_arena, hangedman_decor_clover_reticule,
          roderic_roman_lattice
D:5:      cheibrodos_barr_body, layout_cave_pools, nicolae_ossuary_entry_ruins,
          ebering_ghost_gozag, uniq_menkaure
Temple:   chequers_temple_sunken
Ossuary:  ossuary_zaba_flooded

Skill      XL: |  1  2  3  4  5  6  7 |
---------------+----------------------+-----
Fighting       | 1 2 3 |  3.0
Stealth        | 3 4 5 |  5.8
Short Blades   | 1 |  1.8
Spellcasting   | 3 |  3.4
Necromancy     | 5 |  5.3
Shields        | 1 |  1.5
Dodging        | 3 |  3.2
Long Blades    | 2 |  2.0
Throwing       | 1 |  1.0
Polearms       | |  0.4

Action                     |  1- 3 |  4- 6 |  7- 9 || total
---------------------------+-------+-------+-------++-------
  Melee: Spear             |    17 |       |       ||    17
         Constrict         |    13 |    28 |    12 ||    53
         Short sword       |     9 |       |       ||     9
         Tentacles         |     9 |    26 |    13 ||    48
         Dagger            |    55 |   116 |     3 ||   174
         Falchion          |       |     7 |    45 ||    52
         Punch             |       |       |     3 ||     3
  Throw: Javelin           |       |     4 |    15 ||    19
         Dart              |       |     1 |       ||     1
   Cast: Vampiric Draining |     1 |     8 |       ||     9
    Use: Potion            |       |     1 |     2 ||     3
         Scroll            |       |       |    10 ||    10
   Stab: Sleeping          |    10 |    15 |       ||    25
         Distracted        |       |     2 |     1 ||     3
 Armour: Skin              |    10 |    15 |     1 ||    26
  Dodge: Dodged            |    32 |    42 |    26 ||   100
  Block: Other             |     6 |    20 |    13 ||    39
